Kradschützen Motorcycle Team
Construct Light Support Kompanie
Pak 38 Anti-tank Gun Team
Construct Panzerarmee Kommand
Walking Stuka Rocket Launcher
Selects Armored Support Battlegroup
Selects Flammpanzer III Medium Tank
Selects Command Panzer IV F Medium Tank
Selects Vehicle Awareness
Command Panzer IV F Medium Tank
Command Panzer IV F Medium Tank
Selects Stuka Anti-tank Loiter
Pak 38 Anti-tank Gun Team
Pak 38 Anti-tank Gun Team